 Dungeon Crawl Stone Soup version 0.28.0-45-g0d030f2227 (webtiles) character file.

Game seed: 10074787940376071769

2050 zeratav the Cleaver (level 9, 0/79 HPs)
             Began as a Minotaur Berserker on Apr 2, 2022.
             Was a Priest of Trog.
             Slain by an orc warrior
             ... wielding a +0 halberd
              (8 damage)
             ... in a bailey.
             The game lasted 00:15:18 (7288 turns).

zeratav the Cleaver (Minotaur Berserker)            Turns: 7288, Time: 00:15:19

Health: 0/79       AC: 13    Str: 26    XL:     9   Next: 4%
Magic:  8/8        EV:  8    Int:  4    God:    Trog [***...]
Gold:   385        SH:  0    Dex: 10    Spells: 8/8 levels left

rFire   + . .      SeeInvis .   x - +1 hand axe (flame)
rCold   . . .      Faith    .   (no shield)
rNeg    . . .      Spirit   .   m - +0 plate armour
rPois   .          Reflect  .   (helmet restricted)
rElec   .          Harm     .   (no cloak)
rCorr   .          Rampage  .   (no gloves)
Will    ++...                   (no boots)
Stlth   ..........              (no amulet)
HPRegen 1.23/turn               z - ring of protection from fire
MPRegen 0.11/turn               (no ring)

@: strong-willed, regenerating
A: horns 2, retaliatory headbutt
a: Renounce Religion, Berserk, Trog's Hand


You were in a bailey.
You worshipped Trog.
Trog was most pleased with you.
You visited 1 branch of the dungeon, and saw 7 of its levels.
You also visited: Bailey.

You collected 385 gold pieces.

Inventory:

Hand Weapons
 h - the +9 dagger of Dishonesty {speed, +Blink Str+3 Int+8 Dex+2}
   (You found it on level 2 of the Dungeon)

   Attacks with this weapon are significantly faster.
   Str:       It affects your strength (+3).
   Int:       It affects your intelligence (+8).
   Dex:       It affects your dexterity (+2).
   +Blink:    It lets you blink.
 p - a +1 dire flail of holy wrath
 x - a +1 hand axe of flaming (weapon)
Missiles
 i - a throwing net (quivered)
Armour
 g - an orb of wrath
 m - a +0 plate armour (worn)
Jewellery
 z - a ring of protection from fire (left hand)
Wands
 a - a wand of charming (4)
 q - a wand of iceblast (11)
 t - a wand of flame (18)
 y - a wand of mindburst (8)
Scrolls
 b - 2 scrolls of vulnerability {unknown}
 e - 8 scrolls of identify {unknown}
 k - a scroll of magic mapping {unknown}
 l - a scroll of enchant armour {unknown}
 v - 2 scrolls of immolation {unknown}
 w - a scroll of noise {unknown}
 B - a scroll of teleportation {unknown}
 C - a scroll of fog {unknown}
Potions
 c - a potion of might {unknown}
 d - 4 potions of curing {unknown}
 f - 2 potions of resistance {unknown}
 j - a potion of attraction {unknown}
 n - 2 potions of ambrosia {unknown}
 o - a potion of invisibility {unknown}
 r - 2 potions of magic {unknown}
 s - 2 potions of brilliance {unknown}
 u - 2 potions of heal wounds {unknown}
 A - 3 potions of degeneration {unknown}


   Skills:
 + Level 7.5 Fighting
 + Level 9.8 Axes
 + Level 7.7 Armour
 + Level 4.0 Dodging
 + Level 1.5 Stealth


You had 8 spell levels left.
You didn't know any spells.
Your spell library was empty.

Dungeon Overview and Level Annotations

Branches:
Dungeon (7/15)             Temple (0/1) D:6          Bailey (1/1)

Altars:


Innate Abilities, Weirdness & Mutations

You have a pair of horns on your head.
You reflexively headbutt those who attack you in melee.


Message History

You hit the orc. You burn the orc. You headbutt the orc.
You kill the orc!
Trog accepts your kill.
The orc warrior hits you from afar with a +0 halberd.
The orc warrior hits you from afar with a +0 glaive!
The orc warrior barely misses you. You furiously retaliate!
You headbutt the orc warrior.
Things that are here:
a +0 spear; a +0 scale mail You barely miss the orc warrior.
The orc warrior is lightly wounded.
The orc warrior barely misses you. The orc warrior closely misses you.
You barely miss the orc warrior. Your headbutt misses the orc warrior.
The orc warrior is lightly wounded.
The orc barely misses you. The orc warrior closely misses you.
The orc warrior hits you with a +0 halberd!
You closely miss the orc warrior.
The orc warrior is lightly wounded.
The orc hits you but does no damage.
The orc warrior hits you from afar with a +0 glaive!
The orc warrior barely misses you.
You hit the orc warrior but do no damage.
Your headbutt misses the orc warrior.
The orc warrior is lightly wounded.
The orc hits you but does no damage.
An orc warrior comes into view. It is wielding a +0 spear.
The orc warrior hits you from afar with a +0 glaive!
The orc warrior hits you but does no damage. x2
The orc warrior barely misses you. The orc warrior barely misses you. x2
There is a large open door here.
The orc warrior hits you from afar with a +0 spear.
The orc warrior hits you from afar with a +0 halberd!
* * * LOW HITPOINT WARNING * * *
Your skin crawls.
You feel strong-willed.
The orc warrior hits you from afar with a +0 trident.
* * * LOW HITPOINT WARNING * * *
The orc warrior hits you from afar with a +0 halberd!
You die...

#...≈≈≈≈≈♣..####
##.♣..≈≈≈≈♣..#$.#######
###.....≈≈≈≈...#.........
♣♣♣....♣..≈≈≈≈.♣.##........
♣♣.........≈≈≈≈....#o.#
♣.........######...#.8#
♣..∩...............#..#
♣................oo'o.#
♣..............@.o.'..#
♣..∩.............o.#..#
♣.........######...#.8#
♣♣......♣..≈ ≈....#..#
♣♣♣...♣♣..≈≈≈≈...##...
###.....≈≈≈≈...#.....
≈≈≈≈≈..# .#### .≈≈≈≈..# ##


You could see 4 orc warriors and an orc.

Vanquished Creatures
  Joseph (D:7)
  A wraith (D:7)
  Edmund (D:4)
  Menkaure (D:4)
  An orc warrior (D:7)
  A black bear (D:7)
  2 ice beasts
  An ogre (D:2)
  A phantom (D:3)
  A kobold brigand (D:4)
  A bullfrog (D:6)
  A scorpion (D:5)
  A wyvern skeleton (D:7)
  A hound (D:6)
  An orc priest (D:7)
  2 centaur zombies
  2 jellies (D:6)
  A centaur skeleton (D:5)
  Ijyb (D:4)
  3 iguanas
  2 orc wizards
  A hound skeleton (D:5)
  Robin (D:2)
  3 adders
  7 gnolls
  2 white imps (D:6)
  An ufetubus (D:6)
  3 worms (D:2)
  5 dart slugs
  4 orcs
  5 ball pythons
  6 bats
  4 endoplasms
  2 giant cockroaches
  3 hobgoblins
  7 jackals
  4 kobolds
  6 quokkas
  3 frilled lizards
  14 goblins
  7 rats
115 creatures vanquished.

Vanquished Creatures (others)
  4 toadstools (D:1)
4 creatures vanquished.

Grand Total: 119 creatures vanquished

Notes
Turn   | Place    | Note
-------+----------+-------------------------------------------
     0 | D:1      | zeratav the Minotaur Berserker began the quest for the Orb.
     0 | D:1      | Reached XP level 1. HP: 19/19 MP: 0/0
   446 | D:1      | Reached skill level 4 in Axes
   448 | D:1      | Reached XP level 2. HP: 21/27 MP: 1/1
   761 | D:1      | Found a faded altar of an unknown god.
  1425 | D:2      | Reached XP level 3. HP: 19/34 MP: 2/2
  1747 | D:2      | Noticed Robin
  1749 | D:2      | Reached ** piety under Trog
  1757 | D:2      | Killed Robin
  1758 | D:2      | Reached XP level 4. HP: 41/41 MP: 3/3
  1863 | D:2      | Identified the +9 dagger of Dishonesty {speed, +Blink Str+3
                  | Int+8 Dex+2}
  1901 | D:2      | Reached skill level 5 in Fighting
  1955 | D:2      | Reached skill level 5 in Axes
  2172 | D:2      | Noticed an ogre
  2182 | D:2      | Killed an ogre
  2183 | D:2      | Reached XP level 5. HP: 48/48 MP: 4/4
  2981 | D:3      | Reached skill level 6 in Axes
  3009 | D:3      | Noticed a phantom
  3021 | D:3      | Killed a phantom
  3022 | D:3      | Reached XP level 6. HP: 44/56 MP: 5/5
  3385 | D:4      | Noticed Menkaure
  3544 | D:4      | Killed Menkaure
  3545 | D:4      | Reached skill level 7 in Axes
  3545 | D:4      | Reached skill level 1 in Stealth
  3778 | D:4      | Noticed Edmund
  3798 | D:4      | Reached XP level 7. HP: 33/62 MP: 6/6
  3798 | D:4      | Killed Edmund
  4420 | D:4      | Noticed Ijyb
  4432 | D:4      | Killed Ijyb
  4790 | D:5      | Entered Level 5 of the Dungeon
  4812 | D:5      | Reached skill level 8 in Axes
  5148 | D:5      | Reached skill level 5 in Armour
  5413 | D:5      | Reached *** piety under Trog
  5589 | D:6      | Reached XP level 8. HP: 70/70 MP: 7/7
  5811 | D:6      | Found a staircase to the Ecumenical Temple.
  6822 | D:7      | Reached skill level 9 in Axes
  6930 | D:7      | Noticed Joseph
  6960 | D:7      | Killed Joseph
  6961 | D:7      | Reached XP level 9. HP: 18/79 MP: 8/8
  7237 | D:7      | Found a flagged portal.
  7246 | Bailey   | Entered a bailey
  7288 | Bailey   | Slain by an orc warrior

Illustrated notes

Levels and vault maps discovered:
D:1:      ldierk_walled_garden_2, layout_rooms,
          shapermc_ecumenical_altar_rom_forum
D:2:      layout_basic, serial_co_window_serial, co_window_corner_a,
          co_window_paths_b, co_window_paths_a, co_window_corner_a,
          co_window_of_opportunity_a, co_window_of_opportunity_b,
          co_window_corner_b, co_window_corner_b, co_window_4corner_b,
          glass_columns_a, glass_columns_c, glass_columns_c, glass_columns_b,
          uniq_robin
D:3:      layout_rooms
D:4:      layout_cave_pods, uniq_menkaure, uniq_ijyb, uniq_edmund
D:5:      layout_rooms, serial_glass, glass_columns_b, glass_columns_a,
          glass_columns_b, glass_columns_a, glass_columns_a, glass_columns_c,
          glass_columns_a, glass_columns_a, dk_noncrumbling_4
D:6:      layout_cave_pools, minmay_temple_entry_water_ring, lemuel_flame_loot_1
D:7:      layout_rooms, enter_bailey_3, kennysheep_generic_room_10, uniq_joseph
Bailey:   bailey_polearm_elven_captive_hellmonk, bailey

Skill      XL: |  1  2  3  4  5  6  7  8 |
---------------+-------------------------+-----
Axes           | 4 5 6 7 8 9 |  9.8
Fighting       | 4 5 6 7 |  7.5
Dodging        | 3 4 |  4.0
Armour         | 3 5 7 |  7.7
Stealth        | 1 |  1.5

Action                   |  1- 3 |  4- 6 |  7- 9 || total
-------------------------+-------+-------+-------++-------
Melee: Hand axe          |    71 |    93 |   171 ||   335
       Headbutt          |     7 |    19 |    38 ||    64
       Punch             |       |       |     2 ||     2
Invok: Berserk           |     2 |     1 |       ||     3
       Trog's Hand       |       |       |     1 ||     1
Armor: Animal skin       |    15 |     2 |       ||    17
       Plate armour      |       |    24 |    98 ||   122
Dodge: Dodged            |    43 |    34 |    57 ||   134
